 Dungeon Crawl Stone Soup version 0.20-a0-214-gb74cb0e (webtiles) character file.

11648 KristoblXynda the Unseen (level 11, -7/52 HPs)
             Began as a Spriggan Berserker on Nov 27, 2016.
             Was a High Priest of Trog.
             Killed from afar by an efreet (25 damage)
             ... with a bolt of fire
             ... on level 10 of the Dungeon.
             The game lasted 00:37:23 (10977 turns).

KristoblXynda the Unseen (Spriggan Berserker)      Turns: 10977, Time: 00:37:24

Health: -7/52      AC:  6    Str: 15    XL:     11   Next: 52%
Magic:  6/6        EV: 27    Int: 10    God:    Trog [*****.]
Gold:   226        SH:  0    Dex: 16    Spells: 10/10 levels left

rFire  . . .     SeeInvis +     i - +2 dagger (antimagic)
rCold  + . .     Gourm    .     l - +1 troll leather armour
rNeg   . . .     Faith    .     (shield restricted)
rPois  .         Spirit   .     (helmet restricted)
rElec  .         Reflect  .     q - +0 cloak {+Inv}
rCorr  .         Harm     .     (gloves unavailable)
MR     +....                    (boots unavailable)
Stlth  ++++++....               (no amulet)
                                m - ring of protection from cold
                                x - +1 ring of slaying

@: very quick
A: unfitting armour, see invisible, herbivore 3, speed 3, slow metabolism 2
a: Berserk, Trog's Hand, Brothers in Arms, Burn Spellbooks, Renounce Religion,
Evoke Invisibility


You were on level 10 of the Dungeon.
You worshipped Trog.
Trog was extremely pleased with you.
You were not hungry.

You visited 2 branches of the dungeon, and saw 13 of its levels.

You collected 665 gold pieces.
You spent 439 gold pieces at shops.

Inventory:

Hand Weapons
 i - a +2 antimagic dagger (weapon)
Missiles
 s - 3 exploding tomahawks (quivered)
Armour
 l - a +1 troll leather armour (worn)
 q - a +0 cloak of invisibility (worn)
Rods
 B - a +0 rod of ignition (9/9)
   (You found it on level 8 of the Dungeon)
Jewellery
 k - an uncursed ring of resist corrosion
 m - a ring of protection from cold (right hand)
 x - a +1 ring of slaying (left hand)
Wands
 t - a wand of digging (16/24)
 E - a wand of hasting (3/9)
Scrolls
 a - 2 scrolls of enchant armour
 d - 5 scrolls of remove curse
 r - 2 scrolls of recharging
 w - a scroll of fear
Potions
 b - a potion of might
 g - a potion of mutation {unknown}
 h - a potion of haste {unknown}
 j - a potion of ambrosia {unknown}
 o - a potion of brilliance
 u - 2 potions of flight
 v - 2 potions of magic {unknown}
 A - a potion of agility
 C - a potion of heal wounds {unknown}
Books
 e - a book of Changes

   Spells                             Type                      Level
   a - Beastly Appendage              Transmutation                1
   b - Sticks to Snakes               Transmutation                2
   c - Spider Form                    Transmutation/Poison         3
   d - Ice Form                       Ice/Transmutation            4
   e - Blade Hands                    Transmutation                5
   Trog disapproves of the use of such an item.
 f - a book of Conjurations

   Spells                             Type                      Level
   a - Magic Dart                     Conjuration                  1
   b - Searing Ray                    Conjuration                  2
   c - Dazzling Spray                 Conjuration/Hexes            3
   d - Fulminant Prism                Conjuration/Hexes            4
   e - Iskenderun's Mystic Blast      Conjuration                  4
   f - Iskenderun's Battlesphere      Conjuration/Charms           5
   Trog disapproves of the use of such an item.
 p - the Disquisition on the Noxious Entourage
   (You found it on level 6 of the Dungeon)

   Spells                             Type                      Level
   a - Summon Small Mammal            Summoning                    1
   b - Recall                         Summoning/Translocation      3
   c - Summon Ice Beast               Ice/Summoning                4
   d - Alistair's Intoxication        Transmutation/Poison         5
   e - Malign Gateway                 Summoning/Translocation      7
   Trog disapproves of the use of such an item.
Comestibles
 c - 9 bread rations


   Skills:
 - Level 3.4 Fighting
 + Level 11.7 Short Blades
 - Level 12.4 Dodging
 + Level 15.3 Stealth
 + Level 8.3 Evocations


You had 10 spell levels left.
You didn't know any spells.

Dungeon Overview and Level Annotations

Branches:
Dungeon (12/15)            Temple (1/1) D:4            Lair (0/6) D:10
    Orc: D:9-12

Altars:
Ashenzari
Cheibriados
Dithmenos
Elyvilon
Fedhas
Gozag
Hepliaklqana
Kikubaaqudgha
Makhleb
Nemelex Xobeh
Okawaru
Qazlal
Ru
Sif Muna
Trog
Uskayaw
Vehumet
Xom
Yredelemnul
Zin
The Shining One

Shops:
D:9 [   D:11 %

Annotations:
D:12 Josephine


Innate Abilities, Weirdness & Mutations

You are very small and have problems with some larger weapons.
You are too small for most types of armour.
You have supernaturally acute eyesight. (SInv)
You are a herbivore.
You cover ground extremely quickly.
You need consume almost no food.


Message History

You hit the wyvern but do no damage.
The wyvern is moderately wounded.
The wyvern closely misses you.
You hit the wyvern.
The wyvern is moderately wounded.
The wyvern completely misses you.
You hit the wyvern.
The wyvern is heavily wounded.
The efreet gestures at you.
The fireball explodes!
The fireball engulfs you!
The fireball engulfs the wyvern.
The wyvern barely misses you.
You hear an angry hiss.
You hit the wyvern.
The wyvern is almost dead.
You hit the wyvern.
You kill the wyvern!
Trog accepts your kill. The efreet gestures at you. The bolt of fire hits you!
You die...

#.........#..#
#.........#..#
#...$.....#).#
#....§..."#..#
######...R######..#
..................#
..................#
.......>####<######
######### #@# #†#
#.# #.. ####


You could see an efreet.

Vanquished Creatures
  The ghost of TotoDurand the Fighter, a novice MiFi of Uskayaw (D:11)
  2 death yaks (D:10)
  An unseen horror (D:12)
  2 hill giants
  Pikel (D:4)
  Maurice (D:8)
  A hornet (D:9)
  2 two-headed ogres
  3 hippogriffs
  A spriggan (D:11)
  3 hungry ghosts
  3 wyverns
  Sigmund (D:4)
  A human (D:6)
  Grum (D:9)
  A vampire mosquito (D:10)
  Duvessa (D:6)
  2 water moccasins
  4 ice beasts
  An ogre (D:9)
  A sky beast (D:9)
  3 orc warriors
  2 phantoms
  2 necrophages
  6 centaurs
  3 wolves (D:9)
  2 crocodiles
  7 bullfrogs
  2 wyvern zombies (D:11)
  Dowan (D:6)
  2 scorpions (D:9)
  4 wights
  2 killer bees (D:10)
  A centaur zombie (D:5)
  5 crimson imps
  A bullfrog zombie (D:9)
  A quasit (D:11)
  2 centaur skeletons (D:8)
  6 hounds
  8 orc priests
  8 orc wizards
  Crazy Yiuf (D:7)
  A bullfrog skeleton (D:12)
  A gnoll shaman (D:7)
  3 iguanas
  6 worker ants
  3 hound skeletons
  8 gnolls
  A howler monkey skeleton (D:7)
  10 adders
  3 shadow imps
  4 worms
  A dart slug (D:1)
  5 leopard geckos
  26 orcs
  8 bats
  A giant cockroach (D:1)
  7 goblins
  14 hobgoblins
  8 jackals
  A quokka (D:6)
  A ball python (D:2)
  8 frilled lizards
  7 rats
230 creatures vanquished.

Notes
Turn   | Place    | Note
-------+----------+-------------------------------------------
     0 | D:1      | KristoblXynda the Spriggan Berserker began the quest for the Orb.
     0 | D:1      | Reached XP level 1. HP: 11/11 MP: 2/2
    78 | D:1      | Reached skill level 1 in Stealth
    86 | D:1      | Reached XP level 2. HP: 11/16 MP: 3/3
   468 | D:1      | Reached skill level 2 in Stealth
  1065 | D:2      | Found an ancient bone altar of Kikubaaqudgha.
  1090 | D:2      | Reached skill level 5 in Dodging
  1090 | D:2      | Reached XP level 3. HP: 16/19 MP: 4/4
  1098 | D:2      | Reached skill level 3 in Stealth
  1232 | D:2      | Reached XP level 4. HP: 16/23 MP: 5/5
  1245 | D:2      | Reached ** piety under Trog
  1807 | D:2      | Found a burning altar of Makhleb.
  1825 | D:2      | Reached skill level 4 in Stealth
  1859 | D:2      | Found a glowing silver altar of Zin.
  1859 | D:2      | Found an opulent altar of Gozag.
  2020 | D:3      | Found a shimmering altar of Xom.
  2057 | D:3      | Reached XP level 5. HP: 27/27 MP: 6/6
  2423 | D:3      | Found a blossoming altar of Fedhas.
  2423 | D:3      | Found an iron altar of Okawaru.
  2428 | D:3      | Found a radiant altar of Vehumet.
  2430 | D:3      | Found a faded altar of an unknown god.
  2432 | D:3      | Found a faded altar of an unknown god.
  2901 | D:3      | Reached *** piety under Trog
  2901 | D:3      | Reached skill level 5 in Stealth
  2960 | D:4      | Found a staircase to the Ecumenical Temple.
  2963 | Temple   | Entered the Ecumenical Temple
  3307 | D:4      | Noticed an ice beast
  3324 | D:4      | HP: 1/27 [ice beast (14)]
  3352 | D:4      | Killed an ice beast
  3352 | D:4      | Reached skill level 5 in Short Blades
  3352 | D:4      | Reached XP level 6. HP: 25/32 MP: 7/7
  3468 | D:4      | Noticed Pikel
  3468 | D:4      | Noticed a slave
  3468 | D:4      | Noticed a slave
  3468 | D:4      | Noticed a slave
  3474 | D:4      | Noticed a slave
  3479 | D:4      | Killed Pikel
  3479 | D:4      | Reached skill level 7 in Stealth
  3479 | D:4      | Reached XP level 7. HP: 35/35 MP: 8/8
  3517 | D:4      | Noticed Sigmund
  3638 | D:4      | Killed Sigmund
  3638 | D:4      | Reached skill level 8 in Stealth
  4054 | D:5      | Entered Level 5 of the Dungeon
  4158 | D:5      | Reached XP level 8. HP: 39/39 MP: 9/9
  4507 | D:5      | Reached skill level 9 in Stealth
  5299 | D:6      | Reached skill level 10 in Dodging
  5317 | D:6      | Reached skill level 10 in Stealth
  5481 | D:6      | Noticed Dowan
  5485 | D:6      | Noticed Duvessa
  5516 | D:6      | Killed Dowan
  5568 | D:6      | Killed Duvessa
  5568 | D:6      | Reached **** piety under Trog
  5568 | D:6      | Reached XP level 9. HP: 36/41 MP: 10/10
  5663 | D:6      | Identified the Disquisition on the Noxious Entourage
  5698 | D:6      | Found a stormy altar of Qazlal.
  5874 | D:6      | Found a runed door.
  5879 | D:6      | Found a basalt altar of Yredelemnul.
  6094 | D:7      | Found a burning altar of Makhleb.
  6458 | D:7      | Found a runed door.
  6462 | D:7      | Noticed Crazy Yiuf
  6466 | D:7      | Killed Crazy Yiuf
  6595 | D:7      | Reached skill level 11 in Stealth
  6998 | D:8      | Found a shadowy altar of Dithmenos.
  7500 | D:8      | Noticed Maurice
  7518 | D:8      | Killed Maurice
  7523 | D:8      | Reached skill level 12 in Stealth
  7747 | D:9      | Identified a +0 rod of ignition (9/9) (You found it on level 8 of the Dungeon)
  7924 | D:9      | Noticed a dagger
  7925 | D:9      | Noticed a dagger
  7928 | D:9      | Found a hide-covered altar of Uskayaw.
  7959 | D:9      | Reached XP level 10. HP: 38/49 MP: 3/11
  8174 | D:9      | Found Nuwkon's Antique Armour Shop.
  8182 | D:9      | Bought a runed cloak for 283 gold pieces
  8246 | D:9      | Reached skill level 1 in Evocations
  8457 | D:9      | Reached ***** piety under Trog
  8457 | D:9      | Reached skill level 10 in Short Blades
  8514 | D:9      | Noticed Grum
  8551 | D:9      | Killed Grum
  8551 | D:9      | Reached skill level 13 in Stealth
  8666 | D:10     | Entered Level 10 of the Dungeon
  9085 | D:10     | Noticed a death yak
  9087 | D:10     | Found a staircase to the Lair.
  9088 | D:10     | Noticed a death yak
  9088 | D:10     | Noticed a death yak
  9089 | D:10     | Noticed a death yak
  9089 | D:10     | Noticed a death yak
  9130 | D:10     | Killed a death yak
  9130 | D:10     | Reached skill level 5 in Evocations
  9141 | D:10     | Killed a death yak
  9141 | D:10     | Reached skill level 14 in Stealth
  9341 | D:11     | Noticed TotoDurand's ghost (novice MiFi)
  9589 | D:11     | Reached XP level 11. HP: 50/52 MP: 5/16
  9606 | D:11     | Found Jabri's Food Boutique.
  9996 | D:11     | Bought a royal jelly for 26 gold pieces
  9996 | D:11     | Bought a bread ration for 65 gold pieces
  9996 | D:11     | Bought a bread ration for 65 gold pieces
 10023 | D:11     | Noticed a hill giant
 10026 | D:11     | Killed a hill giant
 10145 | D:11     | Killed TotoDurand's ghost
 10430 | D:12     | Noticed an unseen horror
 10645 | D:12     | Received a gift from Trog
 10675 | D:12     | Killed an unseen horror
 10675 | D:12     | Reached skill level 15 in Stealth
 10817 | D:12     | Noticed Josephine
 10818 | D:12     | Noticed an unseen horror
 10870 | D:10     | Noticed a hill giant
 10899 | D:10     | Killed a hill giant
 10977 | D:10     | Killed from afar by an efreet

Vault maps used:
D:1:      minmay_arrival_floating_metal, hangedman_decor_clover_reticule
D:2:      grunt_temple_overflow_gold_and_silver, kiku_gazebo_garden_becter,
          makhleb_grotto_becter
D:3:      chequers_temple_overflow_minitemple, xom_teletrap_fun
D:4:      uniq_pikel, uniq_sigmund
D:5:      first_bread, kennysheep_generic_room_14
D:6:      lemuel_upstairs_altar, grunt_qazlal_clouds, kennysheep_another_room,
          dk_yredelemnul_ordeal, uniq_duvessa
D:7:      basic_altar, uniq_crazy_yiuf_cottage
D:8:      grunt_dithmenos_smoke, uniq_maurice
D:9:      dancing_weapons_uskayaw, serial_shops, shop_fountains, uniq_grum
D:10:     minmay_cut_squares, dpeg_lair_monsters, serial_shops, shop_coins
D:11:     serial_shops, nicolae_shop_waterfront, the_bakery
D:12:     uniq_josephine
Temple:   eino_temple_lava

Skill      XL: |  1  2  3  4  5  6  7  8  9 10 11 |
---------------+----------------------------------+-----
Stealth        | 1 2 3 4 5 7 8 10 12 14 15 | 15.3
Dodging        | 5 6 8 10 12 | 12.4
Short Blades   | 4 5 6 8 9 11 | 11.7
Fighting       | 3 |  3.4
Evocations     | 6 8 |  8.3

Action                   |  1- 3 |  4- 6 |  7- 9 | 10-12 || total
-------------------------+-------+-------+-------+-------++-------
Melee: Short sword       |   121 |   235 |       |       ||   356
       Rapier            |       |       |   308 |       ||   308
       Dagger            |       |       |   385 |   727 ||  1112
Throw: Tomahawk          |       |       |       |     2 ||     2
Invok: Berserk           |     1 |     3 |     8 |    10 ||    22
       Trog's Hand       |       |     2 |     1 |     2 ||     5
       Burn Spellbooks   |       |       |       |     1 ||     1
Evoke: Wand              |       |       |       |     7 ||     7
  Use: Scroll            |       |     6 |    11 |     6 ||    23
       Potion            |       |     1 |     4 |     1 ||     6
 Stab: Sleeping          |     2 |    11 |    11 |    11 ||    35
       Distracted        |       |       |     2 |     1 ||     3
  Eat: Royal jelly       |       |     1 |       |     1 ||     2
       Bread ration      |       |     1 |     2 |     2 ||     5
       Pizza             |       |       |       |     1 ||     1
Armor: Animal skin       |     9 |     4 |       |       ||    13
       Troll leather arm |       |    20 |    28 |    34 ||    82
       Robe              |       |       |    17 |       ||    17
       Skin              |       |       |    36 |       ||    36
Dodge: Dodged            |    97 |   167 |   421 |   506 ||  1191
